 Dungeon Sprint DCSS version 0.22-a0-266-g5fdf0d7 (webtiles) character file.

15675 schets the End of an Era (level 12, -3/111 HPs)
             Began as a Demonspawn Fighter on Mar 9, 2018.
             Was the Champion of Qazlal.
             Killed from afar by Aizul (29 damage)
             ... with a bolt of poison
             ... in the Dungeon (Sprint IX: "|||||||||||||||||||||||||||||").
             The game lasted 00:13:33 (3998 turns).

schets the End of an Era (Demonspawn Fighter)       Turns: 3998, Time: 00:13:34

Health: -3/111     AC: 30    Str: 23    XL:     12   Next: 3%
Magic:  12/24      EV:  4    Int:  9    God:    Qazlal [******]
Gold:   425        SH: 27    Dex: 15    Spells: 11/11 levels left

rFire    + . .     SeeInvis .     - Unarmed
rCold    . . .     Gourm    .   K - +1 large shield
rNeg     . . .     Faith    .   M - +2 plate armour
rPois    .         Spirit   .   D - +2 hat
rElec    .         Reflect  .   C - +0 cloak
rCorr    .         Harm     .   (gloves unavailable)
MR       .....     NoTele   +   q - +0 pair of boots
Stlth    ..........             (no amulet)
HPRegen  0.28/turn              w - ring of protection from fire
MPRegen  0.19/turn              r - +3 ring of strength

@: lethally poisoned (-3 -> -49), protected from physical damage, sanguine
armour, repel missiles
A: claws 3, demonic guardian 2, spiny 1, augmentation 1, sanguine armour 1
a: Upheaval, Elemental Force, Disaster Area, Renounce Religion


You were in the Dungeon.
You worshipped Qazlal.
Qazlal was exalted by your worship.
You were hungry.

You visited 1 branch You collected 1895 gold pieces.
You spent 1470 gold pieces at shops.

Inventory:

Hand Weapons
 a - a +0 war axe
 p - a +3 war axe of freezing
 J - the +8 whip "Snakebite" {curare, rPois}
   (You found it in the Dungeon)

   It poisons the flesh of those it strikes.
   It protects you from poison.
Armour
 b - a +0 scale mail
 c - a +0 shield
 q - a +0 pair of boots (worn)
 s - a +1 chain mail
 A - a +0 helmet
 C - a +0 cloak (worn)
 D - a +2 hat (worn)
 E - a +0 plate armour
 K - a +1 large shield (worn)
 L - a +3 chain mail
 M - a +2 plate armour (worn)
 N - +0 swamp dragon scales
Jewellery
 r - a +3 ring of strength (right claw)
 t - a +3 ring of intelligence
 w - a ring of protection from fire (left claw)
 F - an uncursed ring of protection from magic
 G - a +2 ring of dexterity
 H - an uncursed ring of fire
 I - an uncursed ring of protection from fire
Wands
 o - a wand of iceblast (10)
 B - a wand of paralysis (8)
Scrolls
 k - 2 scrolls of blinking
 m - 5 scrolls of remove curse
 n - 2 scrolls of amnesia
 x - 3 scrolls of fog
 y - 4 scrolls of identify
 z - 4 scrolls of enchant weapon
Potions
 d - a potion of might
 e - 6 potions of curing
 g - 5 potions of heal wounds
 h - 4 potions of haste
 i - 4 potions of magic
 j - a potion of berserk rage
 l - a potion of invisibility
 v - a potion of resistance
 O - a potion of agility
Comestibles
 f - 32 rations


   Skills:
 * Level 15.6 Fighting
 - Level 8.5 Axes
 + Level 10.9 Armour
 + Level 10.8 Shields
 * Level 12.9 Unarmed Combat
 * Level 16.5 Invocations


You had 11 spell levels left.
You didn't know any spells.

Dungeon Overview and Level Annotations

Branches:
Dungeon (1/1)

Altars:
Cheibriados
Dithmenos
Elyvilon
Fedhas
Gozag
Hepliaklqana
Kikubaaqudgha
Makhleb
Nemelex Xobeh
Okawaru
Qazlal
Ru
Sif Muna
Trog
Uskayaw
Vehumet
Wu Jian
Xom
Yredelemnul
Zin
The Shining One
Beogh
Jiyva
Lugonu

Shops:
D :(

Annotations:
D Aizul


Innate Abilities, Weirdness & Mutations

You have claws for hands.
A demonic guardian rushes to your aid.
You are partially covered in sharp spines.
Your magical and physical power is slightly enhanced at high health.
When seriously injured, your bleeding wounds create armour. (AC +6)


Message History

* * * LOW HITPOINT WARNING * * *
You feel much better.
You feel sick. Aizul casts a spell at you.
You fall asleep.
You feel sick. Aizul hits you but does no damage.
Aizul is struck by your spines. Aizul hits you but does no damage.
You feel sick. Aizul casts a spell at you. The bolt of poison hits you!
You are lethally poisoned!
You wake up.
* * * LOW HITPOINT WARNING * * *
You feel much better.
* * * LOW HITPOINT WARNING * * *
You feel very sick. You block Aizul's attack. Aizul casts a spell at you.
The bolt of poison hits you!
You are more poisoned.
You die...

▓_▓.▓.▓.▓.▓.▓)▓.▓
▓_▓.▓.▓.▓.▓.▓.▓.▓
▓_▓.▓.▓.▓.▓.▓[▓.▓
▓_▓.▓.▓.▓.▓.▓.▓.▓
▓_▓.▓.▓.▓)▓.▓.▓≈▓
▓_▓.▓.▓.▓'▓.▓[▓≈▓
▓_▓.▓.▓.▓)▓.▓.▓3▓
▓_▓.▓.▓.▓)▓.▓[▓S▓
▓_▓.▓.▓.▓.▓.▓.▓@▓
▓_▓.▓'▓.▓.▓.▓[▓≈▓
▓_▓.▓.▓.▓.▓.▓.▓.▓
▓_▓.▓÷▓.▓[▓.▓.▓.▓
▓_▓.▓.▓.▓.▓.▓.▓.▓
▓_▓.▓.▓.▓[▓.▓.▓≈▓
▓_▓.▓.▓.▓.▓.▓.▓.▓
▓_▓.▓.▓.▓.▓.▓.▓.▓
▓_▓.▓÷▓.▓.▓)▓.▓.▓


You could see Aizul and a friendly smoke demon.

Vanquished Creatures
  A fire giant (D)
  A fire dragon (D)
  A rakshasa (D)
  An ice dragon (D)
  2 centaur warriors (D)
  A deep troll earth mage (D)
  2 orc sorcerers (D)
  A cyclops (D)
  Joseph (D)
  A black mamba (D)
  A spiny frog (D)
  2 komodo dragons (D)
  A yaktaur (D)
  A polar bear (D)
  A troll (D)
  A slime creature (D)
  2 hippogriffs (D)
  A yak (D)
  2 wargs (D)
  2 hell hounds (D)
  A porcupine (D)
  11 orc warriors (D)
  2 ogres (D)
  2 wolves (D)
  A crocodile (D)
  2 bullfrogs (D)
  A jelly (D)
  3 orc priests (D)
  11 orc wizards (D)
  A leopard gecko (D)
  9 orcs (D)
  2 bat skeletons (D)
  2 goblins (D)
  A hobgoblin (D)
  A ball python skeleton (D)
  A frilled lizard (D)
  A rat (D)
78 creatures vanquished.

Vanquished Creatures (collateral kills)
  A sphinx (D)
  Gastronok (D)
  A two-headed ogre (D)
  2 orc sorcerers (D)
  A black mamba (D)
  Maurice (D)
  A spiny frog (D)
  2 hippogriffs (D)
  A basilisk (D)
  2 hell hounds (D)
  A porcupine (D)
  An eye of draining (D)
  An ogre (D)
  A crocodile (D)
  2 bullfrogs (D)
  An orc wizard (D)
  2 orcs (D)
  A giant cockroach zombie (D)
  A leopard gecko skeleton (D)
24 creatures vanquished.

Vanquished Creatures (others)
  An unseen horror (D)
  An orc wizard (D)
2 creatures vanquished.

Grand Total: 104 creatures vanquished

Notes
Turn   | Place    | Note
-------+----------+-------------------------------------------
     0 | D        | schets the Demonspawn Fighter began the quest for the Orb.
     0 | D        | Reached XP level 1. HP: 18/18 MP: 1/1
    22 | D        | Noticed an ogre
    22 | D        | Noticed an ogre
    31 | D        | Killed an ogre
    31 | D        | Reached skill level 5 in Fighting
    31 | D        | Gained mutation: A weak demonic guardian rushes to your aid. [demonic ancestry]
    31 | D        | Reached XP level 2. HP: 3/28 MP: 2/2
    31 | D        | Gained mutation: A demonic guardian rushes to your aid. [demonic ancestry]
    31 | D        | Reached XP level 3. HP: 3/34 MP: 3/3
    31 | D        | Gained mutation: You are partially covered in sharp spines. [demonic ancestry]
    31 | D        | Reached XP level 4. HP: 4/40 MP: 4/4
    35 | D        | Killed an ogre
    35 | D        | Reached skill level 5 in Axes
    35 | D        | Gained mutation: You have sharp fingernails. [demonic ancestry]
    35 | D        | Reached XP level 5. HP: 6/47 MP: 5/5
   514 | D        | Found a roughly hewn altar of Beogh.
   514 | D        | Found a snail-covered altar of Cheibriados.
   514 | D        | Found a shadowy altar of Dithmenos.
   514 | D        | Found a white marble altar of Elyvilon.
   514 | D        | Found a blossoming altar of Fedhas.
   514 | D        | Found an opulent altar of Gozag.
   515 | D        | Found a hazy altar of Hepliaklqana.
   516 | D        | Found a viscous altar of Jiyva.
   517 | D        | Found an ancient bone altar of Kikubaaqudgha.
   518 | D        | Found a corrupted altar of Lugonu.
   519 | D        | Found a burning altar of Makhleb.
   520 | D        | Found a sparkling altar of Nemelex Xobeh.
   521 | D        | Found an iron altar of Okawaru.
   522 | D        | Found a stormy altar of Qazlal.
   523 | D        | Found a sacrificial altar of Ru.
   524 | D        | Found a deep blue altar of Sif Muna.
   525 | D        | Found a bloodstained altar of Trog.
   526 | D        | Found a hide-covered altar of Uskayaw.
   527 | D        | Found a radiant altar of Vehumet.
   528 | D        | Found an ornate altar of the Wu Jian Council.
   529 | D        | Found a shimmering altar of Xom.
   530 | D        | Became a worshipper of Qazlal Stormbringer
   531 | D        | Found a basalt altar of Yredelemnul.
   532 | D        | Found a glowing silver altar of Zin.
   533 | D        | Found a glowing golden altar of the Shining One.
   582 | D        | Noticed an ogre
   582 | D        | Noticed a two-headed ogre
   583 | D        | Reached skill level 1 in Unarmed Combat
   584 | D        | Killed an ogre
   584 | D        | Reached skill level 5 in Armour
   584 | D        | Reached skill level 5 in Shields
   584 | D        | Gained mutation: You have very sharp fingernails. [demonic ancestry]
   584 | D        | Reached XP level 6. HP: 43/56 MP: 6/6
   597 | D        | Killed a two-headed ogre
   597 | D        | Reached * piety under Qazlal
   597 | D        | Reached XP level 7. HP: 13/64 MP: 7/7
  1063 | D        | Reached ** piety under Qazlal
  1074 | D        | Noticed a troll
  1074 | D        | Noticed a yak
  1080 | D        | Killed a troll
  1080 | D        | Reached skill level 2 in Invocations
  1103 | D        | Reached *** piety under Qazlal
  1103 | D        | Reached skill level 10 in Fighting
  1103 | D        | Reached skill level 5 in Unarmed Combat
  1103 | D        | Reached skill level 3 in Invocations
  1108 | D        | Killed a yak
  1108 | D        | Reached XP level 8. HP: 62/72 MP: 1/10
  1306 | D        | Noticed a hippogriff
  1306 | D        | Noticed a spiny frog
  1310 | D        | Reached skill level 4 in Invocations
  1310 | D        | Killed a hippogriff
  1310 | D        | Reached skill level 5 in Invocations
  1311 | D        | Noticed a spiny frog
  1313 | D        | Noticed a hippogriff
  1314 | D        | Noticed a komodo dragon
  1316 | D        | Reached **** piety under Qazlal
  1332 | D        | Reached skill level 6 in Invocations
  1341 | D        | Killed a spiny frog
  1347 | D        | Killed a spiny frog
  1347 | D        | Reached skill level 7 in Invocations
  1353 | D        | Killed a hippogriff
  1353 | D        | Reached ***** piety under Qazlal
  1353 | D        | Gained mutation: You have claws for hands. [demonic ancestry]
  1353 | D        | Reached XP level 9. HP: 57/81 MP: 7/14
  1368 | D        | Killed a komodo dragon
  1368 | D        | Reached skill level 8 in Invocations
  1768 | D        | Noticed a komodo dragon
  1768 | D        | Noticed a black mamba
  1768 | D        | Noticed a polar bear
  1784 | D        | Killed a komodo dragon
  1784 | D        | Reached skill level 9 in Invocations
  1816 | D        | Killed a black mamba
  1821 | D        | Killed a polar bear
  1821 | D        | Reached skill level 10 in Invocations
  1825 | D        | Reached ****** piety under Qazlal
  1829 | D        | Noticed a black mamba
  1841 | D        | Killed a black mamba
  2277 | D        | Reached skill level 11 in Invocations
  2277 | D        | Reached XP level 10. HP: 56/90 MP: 9/18
  2705 | D        | Noticed Maurice
  2710 | D        | Killed Maurice
  2724 | D        | Noticed Gastronok
  2732 | D        | Killed Gastronok
  2732 | D        | Reached skill level 12 in Invocations
  2931 | D        | Reached skill level 10 in Unarmed Combat
  3123 | D        | Noticed an orc sorcerer
  3126 | D        | Killed an orc sorcerer
  3139 | D        | Reached skill level 13 in Invocations
  3233 | D        | Found Uxel's Food Emporium.
  3233 | D        | Noticed an orc sorcerer
  3233 | D        | Noticed an orc sorcerer
  3235 | D        | Killed an orc sorcerer
  3237 | D        | Paralysed by an orc sorcerer for 4 turns
  3240 | D        | Killed an orc sorcerer
  3241 | D        | Noticed an orc sorcerer
  3246 | D        | Killed an orc sorcerer
  3246 | D        | Gained mutation: When seriously injured, your bleeding wounds create armour. (AC +6) [demonic ancestry]
  3246 | D        | Reached XP level 11. HP: 100/100 MP: 13/21
  3247 | D        | Found Puik Hoka's Book Shoppe.
  3250 | D        | Found Veelotuu's Antique Weapon Emporium.
  3254 | D        | Found Joniowipir's Food Shoppe.
  3431 | D        | Bought a ration for 70 gold pieces
  3431 | D        | Bought a ration for 70 gold pieces
  3431 | D        | Bought a ration for 70 gold pieces
  3431 | D        | Bought a ration for 70 gold pieces
  3431 | D        | Bought a ration for 70 gold pieces
  3431 | D        | Bought a ration for 70 gold pieces
  3431 | D        | Bought a ration for 70 gold pieces
  3431 | D        | Bought a ration for 70 gold pieces
  3431 | D        | Bought a ration for 70 gold pieces
  3431 | D        | Bought a ration for 70 gold pieces
  3437 | D        | Bought a ration for 70 gold pieces
  3437 | D        | Bought a ration for 70 gold pieces
  3437 | D        | Bought a ration for 70 gold pieces
  3437 | D        | Bought a ration for 70 gold pieces
  3437 | D        | Bought a ration for 70 gold pieces
  3437 | D        | Bought a ration for 70 gold pieces
  3437 | D        | Bought a ration for 70 gold pieces
  3437 | D        | Bought a ration for 70 gold pieces
  3437 | D        | Bought a ration for 70 gold pieces
  3437 | D        | Bought a ration for 70 gold pieces
  3437 | D        | Bought a ration for 70 gold pieces
  3474 | D        | Noticed Joseph
  3487 | D        | Killed Joseph
  3544 | D        | Found the +8 whip "Snakebite" {curare, rPois}
  3652 | D        | Noticed a centaur warrior
  3652 | D        | Noticed a centaur warrior
  3656 | D        | Killed a centaur warrior
  3656 | D        | Reached skill level 14 in Invocations
  3662 | D        | Killed an unseen horror
  3663 | D        | Noticed an ice dragon
  3664 | D        | Reached skill level 10 in Armour
  3664 | D        | Reached skill level 10 in Shields
  3664 | D        | Killed an ice dragon
  3665 | D        | Noticed a rakshasa
  3665 | D        | Killed a centaur warrior
  3665 | D        | Reached skill level 15 in Invocations
  3667 | D        | Noticed a deep troll earth mage
  3668 | D        | Noticed a fire dragon
  3670 | D        | Noticed a sphinx
  3671 | D        | Noticed a fire giant
  3675 | D        | Killed a rakshasa
  3679 | D        | Killed a deep troll earth mage
  3679 | D        | Reached skill level 15 in Fighting
  3688 | D        | Killed a fire dragon
  3690 | D        | Paralysed by a sphinx for 3 turns
  3697 | D        | Killed a sphinx
  3697 | D        | Reached skill level 16 in Invocations
  3703 | D        | Killed a fire giant
  3703 | D        | Gained mutation: Your magical and physical power is slightly enhanced at high health. [demonic ancestry]
  3703 | D        | Reached XP level 12. HP: 39/111 MP: 13/24
  3983 | D        | Noticed Aizul
  3998 | D        | Killed from afar by Aizul

Vault maps used:
D:        linesprint

Skill      XL: |  1  2  3  4  5  6  7  8  9 10 11 |
---------------+----------------------------------+-----
Axes           | 4 5 6 8 |  8.5
Armour         | 4 5 6 7 8 9 10 | 10.9
Shields        | 4 5 6 7 8 9 10 | 10.8
Fighting       | 5 6 7 9 10 11 12 14 15 | 15.6
Unarmed Combat | 2 4 5 7 9 10 12 | 12.9
Invocations    | 3 7 11 13 16 | 16.5

Action                   |  1- 3 |  4- 6 |  7- 9 | 10-12 || total
-------------------------+-------+-------+-------+-------++-------
Melee: War axe           |    17 |     9 |    40 |       ||    66
       Unarmed           |       |       |    61 |    95 ||   156
Invok: Upheaval          |       |       |     4 |     4 ||     8
       Disaster Area     |       |       |       |     7 ||     7
  Use: Potion            |       |       |       |     3 ||     3
  Eat: Chunk             |       |       |     4 |     5 ||     9
Armor: Scale mail        |     3 |       |       |       ||     3
       Chain mail        |       |     3 |    29 |     4 ||    36
       Plate armour      |       |       |       |    27 ||    27
Dodge: Dodged            |     4 |     1 |    11 |     6 ||    22
       Deflected         |       |       |       |     2 ||     2
Block: Shield            |     5 |     2 |    87 |    39 ||   133
       Large shield      |       |       |       |    31 ||    31

Table legend:
 A = Spawn XP
 B = Non-spawn XP
 C = Spawn XP percentage of total XP
 D = Spawn monster count
 E = Non-spawn monster count
 F = Spawn count percentage of total count
 G = Total turns spent on level
                    A         B        C        D         E        F      G
               +---------+---------+-------+---------+---------+-------+---------
         Total |       0 |   22394 |   0.0 |       0 |     104 |   0.0 |  3998
               +---------+---------+-------+---------+---------+-------+---------
             D |       0 |   22394 |   0.0 |       0 |     104 |   0.0 |  3998
               +---------+---------+-------+---------+---------+-------+---------
